 Dungeon Crawl Stone Soup version 0.26-a0-958-gf3041fb45f (webtiles) character file.

Game seed: 6046221660184721159

2681 ALWAYSlose the Fighter (level 9, 0/82 HPs)
             Began as a Demonspawn Berserker on Nov 30, 2020.
             Was an Elder of Trog.
             Killed from afar by Maggie (15 damage)
             ... with a bolt of fire
             ... on level 7 of the Dungeon on Dec 1, 2020.
             The game lasted 00:09:44 (8198 turns).

ALWAYSlose the Fighter (Demonspawn Berserker)       Turns: 8198, Time: 00:09:45

Health: 0/82       AC: 14    Str: 18    XL:     9   Next: 37%
Magic:  0/9        EV: 12    Int: 20    God:    Trog [****..]
Gold:   360        SH:  0    Dex: 16    Spells: 8/8 levels left

rFire    . . .     SeeInvis .   a - +0 falchion
rCold    . . .     Faith    .   (no shield)
rNeg     . . .     Spirit   +   r - +0 leather armour
rPois    .         Reflect  .   f - +2 hat {Int+3}
rElec    +         Harm     .   n - +2 cloak {rCorr}
rCorr    +         Rampage  .   (no gloves)
MR       +....                  (no boots)
Stlth    ++........             (no amulet)
HPRegen  1.23/turn              F - +6 ring of intelligence
MPRegen  0.11/turn              E - ring "Izawui" {rElec MR+ Int+3 Stlth+}

@: sanguine armour, berserk cooldown, slowed, studying Armour, heavily drained,
very slow
A: claws 1, powered by death 2, magic shield, sanguine armour 1
a: Berserk, Trog's Hand, Brothers in Arms, Renounce Religion


You were on level 7 of the Dungeon.
You worshipped Trog.
Trog was greatly pleased with you.
You visited 1 branch of the dungeon, and saw 7 of its levels.
You also visited: Sewer.

You collected 360 gold pieces.

Inventory:

Hand Weapons
 a - a +0 falchion (weapon)
Missiles
 d - 6 silver boomerangs
 w - 3 poisoned darts
 x - 3 datura-tipped darts (quivered)
Armour
 f - a +2 hat of intelligence (worn)
 n - a +2 cloak of preservation (worn)
 r - a +0 leather armour (worn)
Jewellery
 e - an uncursed ring of see invisible
 E - the ring "Izawui" (right claw) {rElec MR+ Int+3 Stlth+}
   (You found it on level 7 of the Dungeon)

   [ring of protection from magic]

   It affects your intelligence (+3).
   It insulates you from electricity.
   It affects your resistance to hostile enchantments.
   It makes you more stealthy.
 F - a +6 ring of intelligence (left claw)
Wands
 o - a wand of acid (4)
 q - a wand of digging (6)
 v - a wand of paralysis (8)
Scrolls
 g - 3 scrolls of remove curse
 j - 3 scrolls of fear
 k - a scroll of amnesia
 l - 6 scrolls of teleportation
 p - a scroll of noise
 y - 3 scrolls of magic mapping
 z - a scroll of vulnerability {unknown}
 A - a scroll of enchant armour {unknown}
 C - a scroll of blinking {unknown}
Potions
 b - 2 potions of heal wounds
 c - 2 potions of curing
 h - 2 potions of might {unknown}
 i - 3 potions of magic {unknown}
 m - a potion of mutation {unknown}
 s - 2 potions of flight {unknown}
 t - a potion of degeneration {unknown}
 u - 2 potions of attraction {unknown}
Books
 D - a manual of Armour


   Skills:
 + Level 11.7(9.4) Fighting
 - Level 4.7(2.8) Long Blades
 - Level 3.0(1.2) Armour
 - Level 3.0(1.2) Dodging


You had 8 spell levels left.
You didn't know any spells.
Your spell library was empty.

Dungeon Overview and Level Annotations

Branches:
Dungeon (7/15)             Temple (0/1) D:6           Sewer (visited)

Altars:
Ashenzari
Elyvilon
Kikubaaqudgha
Wu Jian
Yredelemnul
The Shining One

Shops:
D:6 *

Annotations:
D:7 Maggie


Innate Abilities, Weirdness & Mutations

You have sharp fingernails.
You regenerate health from kills.
When hurt, damage is shared between your health and your magic reserves.
When seriously injured, your bleeding wounds create armour. (AC +6)


Message History

You break out of your daze!
The white imp hits you but does no damage.
The white imp hits your ogre. The white imp freezes your ogre.
Your ogre hits the white imp with a +0 giant club!!
The white imp dies!
Trog accepts your kill.
Unknown command.
Your ogre hits the worker ant with a +0 giant club!!
The worker ant dies!
Trog accepts your kill.
Your ogre hits the jackal with a +0 giant club.
The jackal dies!
Trog accepts your kill.
Found 23 arrows.
Unknown command.
Unknown command.
Unknown command.
Maggie casts a spell at you. The bolt of fire hits your ogre!!
The bolt of fire hits you!
You die...

#..###....#
#####........# #.
#.........##.# #.
#.#######.# ....... #.#
#.# ###.#.# # #.#
###"###...# #.#.###.##
#.......# #
#........####.#...#...#
........@.O!..@.†....^#
..###.#####W#####.###...
.. #Zh#$Z# .# # #. #$c


hB# .# .. ..#$ h#.. .. (. ..#$. ..###.# . .... .W .. .. #.# ### ### .. You could
see Maggie (fleeing), a phantom and a friendly ogre (summoned, berserk).

Vanquished Creatures
  Prince Ribbit (D:6)
  Sigmund (D:6)
  Edmund (D:6)
  An orc warrior (D:7)
  4 ogres
  A centaur (D:6)
  2 bullfrogs
  A scorpion (D:5)
  A crimson imp (D:4)
  A quasit (D:7)
  An orc priest (D:4)
  A hound (D:7)
  Crazy Yiuf (D:2)
  4 orc wizards
  Jessica (D:3)
  6 worker ants
  A hound skeleton (D:4)
  6 gnolls
  2 adders
  A shadow imp (D:7)
  A white imp (D:7)
  2 ufetubi (D:6)
  An adder skeleton (D:4)
  An adder zombie (D:5)
  8 worms
  2 dart slugs (D:1)
  6 leopard geckos
  17 orcs
  4 giant cockroaches
  12 goblins
  10 hobgoblins
  22 jackals
  15 kobolds
  2 quokkas
  7 ball pythons
  11 bats
  10 frilled lizards
  2 goblin zombies (D:4)
  A hobgoblin zombie (D:4)
  A jackal zombie (D:6)
  A kobold skeleton (D:4)
  A leopard gecko skeleton (D:4)
  2 orc skeletons (D:4)
  An orc zombie (D:4)
  9 rats
187 creatures vanquished.

Vanquished Creatures (collateral kills)
  A two-headed ogre (D:7)
  A cyclops (D:7)
  A troll (D:7)
  A steam dragon (D:7)
  An ogre (D:7)
  A centaur (D:7)
  A worker ant (D:7)
  A white imp (D:7)
  An ufetubus (D:7)
  A jackal (D:7)
10 creatures vanquished.

Vanquished Creatures (others)
  11 fungi (D:7)
  5 plants (Sewer)
  3 toadstools (D:7)
19 creatures vanquished.

Grand Total: 216 creatures vanquished

Notes
Turn   | Place    | Note
-------+----------+-------------------------------------------
     0 | D:1      | ALWAYSlose the Demonspawn Berserker began the quest for the
                  | Orb.
     0 | D:1      | Reached XP level 1. HP: 18/18 MP: 1/1
   405 | D:1      | Gained mutation: When hurt, damage is shared between your
                  | health and your magic reserves. [demonic ancestry]
   405 | D:1      | Reached XP level 2. HP: 24/24 MP: 2/2
  1007 | D:1      | Gained mutation: You regenerate a little health from kills.
                  | [demonic ancestry]
  1007 | D:1      | Reached XP level 3. HP: 27/29 MP: 3/3
  1047 | D:1      | Reached ** piety under Trog
  2218 | D:2      | Found a runed translucent door.
  2219 | D:2      | Noticed Crazy Yiuf
  2382 | D:2      | Killed Crazy Yiuf
  2383 | D:2      | Reached XP level 4. HP: 30/36 MP: 2/4
  2592 | D:3      | Reached *** piety under Trog
  3253 | D:3      | Found a basalt altar of Yredelemnul.
  3692 | D:3      | Reached XP level 5. HP: 42/42 MP: 5/5
  3704 | D:3      | Noticed Jessica
  3708 | D:3      | Killed Jessica
  3928 | D:4      | Noticed an ogre
  3937 | D:4      | Killed an ogre
  3938 | D:4      | Reached skill level 4 in Fighting
  4172 | D:4      | Reached **** piety under Trog
  4210 | D:4      | Found an ancient bone altar of Kikubaaqudgha.
  4219 | D:4      | Found a glowing golden altar of the Shining One.
  4304 | D:4      | Reached XP level 6. HP: 48/49 MP: 6/6
  4413 | D:4      | Found a broken altar of Ashenzari.
  4927 | D:4      | Reached skill level 5 in Fighting
  5243 | D:4      | Gained mutation: You have sharp fingernails. [demonic
                  | ancestry]
  5243 | D:4      | Reached XP level 7. HP: 56/56 MP: 7/7
  5330 | D:5      | Entered Level 5 of the Dungeon
  5380 | D:5      | Reached skill level 6 in Fighting
  5465 | D:6      | Found Seav's Superlative Supplies.
  5685 | D:6      | Noticed Prince Ribbit
  5694 | D:6      | Found a white marble altar of Elyvilon.
  5716 | D:6      | Killed Prince Ribbit
  5717 | D:6      | Reached skill level 7 in Fighting
  5769 | D:6      | Found a glowing drain.
  5791 | Sewer    | Entered a sewer
  6533 | D:6      | Noticed Sigmund
  6548 | D:6      | Killed Sigmund
  6549 | D:6      | Reached skill level 8 in Fighting
  6549 | D:6      | Gained mutation: When seriously injured, your bleeding
                  | wounds create armour. (AC +6) [demonic ancestry]
  6549 | D:6      | Reached XP level 8. HP: 64/68 MP: 6/8
  6760 | D:6      | Found an ornate altar of the Wu Jian Council.
  7076 | D:6      | Noticed Edmund
  7078 | D:6      | Found a staircase to the Ecumenical Temple.
  7086 | D:6      | Killed Edmund
  7087 | D:6      | Reached skill level 9 in Fighting
  7927 | D:7      | Reached ***** piety under Trog
  7982 | D:7      | Noticed a troll
  7985 | D:7      | Noticed a two-headed ogre
  7991 | D:7      | Reached skill level 10 in Fighting
  8006 | D:7      | Noticed a cyclops
  8007 | D:7      | Killed a troll
  8008 | D:7      | Killed a two-headed ogre
  8009 | D:7      | Reached skill level 11 in Fighting
  8009 | D:7      | Gained mutation: You regenerate health from kills. [demonic
                  | ancestry]
  8009 | D:7      | Reached XP level 9. HP: 6/81 MP: 0/9
  8015 | D:7      | Killed a cyclops
  8096 | D:7      | Got a vibrating lead ring
  8097 | D:7      | Identified the ring "Izawui" {rElec MR+ Int+3 Stlth+} (You
                  | found it on level 7 of the Dungeon)
  8148 | D:7      | Noticed Maggie
  8198 | D:7      | Killed from afar by Maggie

Illustrated notes

Levels and vault maps discovered:
D:1:      shiori_shiawase, layout_loops_corners, chequers_serial_rivers_small_a
D:2:      layout_loops_cross, uniq_crazy_yiuf_cottage
D:3:      layout_loops_corners, lemuel_crystal_altar, skrybe_limestone_x,
          uniq_jessica
D:4:      layout_loops_ring, lemuel_crystal_altar, overflow_temple_1_default,
          nicolae_tso_besieged_by_evil, grunt_tough_drop
D:5:      layout_cave_pools, eat_drink_and_be_merry_uskayaw, serial_shops,
          kennysheep_mini_moat
D:6:      layout_loops_corners, lemuel_coloured_pillars_altar, elyvilon_altar_5,
          minmay_temple_entry_drinking_statues, cheibrodos_sewer_entry_sluice,
          nicolae_alphabet_shops, uniq_edmund, uniq_prince_ribbit1, uniq_sigmund
D:7:      minmay_the_grid_square_5x5_3x3 [minmay_the_grid_square_5x5_hourglass,
          minmay_the_grid_square_5x5_moneybag,
          minmay_the_grid_square_5x5_one_wall,
          minmay_the_grid_square_5x5_trominoes,
          minmay_the_grid_square_5x5_megaprize_diamond,
          minmay_the_grid_square_5x5_n_small,
          minmay_the_grid_square_5x5_two_small,
          minmay_the_grid_square_5x5_eight, minmay_the_grid_square_5x5_shrine1],
          layout_loops_ring, kennysheep_minor_cross, minmay_gold_behind_fungi,
          nrook_loot_triangle, minmay_manual_mail, uniq_maggie

Skill      XL: |  1  2  3  4  5  6  7  8 |
---------------+-------------------------+-----
Dodging        | 2 3 |  3.0
Armour         | 2 3 |  3.0
Long Blades    | 3 4 |  4.7
Fighting       | 4 5 8 11 | 11.7

Action                   |  1- 3 |  4- 6 |  7- 9 || total
-------------------------+-------+-------+-------++-------
Melee: Falchion          |   154 |   265 |   313 ||   732
Throw: Dart              |       |       |     1 ||     1
Invok: Berserk           |     3 |     5 |    10 ||    18
       Brothers in Arms  |       |       |     3 ||     3
       Trog's Hand       |       |       |     1 ||     1
  Use: Scroll            |       |       |    10 ||    10
       Potion            |       |       |     1 ||     1
 Stab: Sleeping          |     2 |     1 |       ||     3
Armor: Animal skin       |    22 |    28 |       ||    50
       Leather armour    |       |    43 |   122 ||   165
Dodge: Dodged            |   121 |   186 |   274 ||   581
       Rpst.: Falchion   |    42 |    55 |    62 ||   159

Table legend: (Time is in decaauts)
 A = Elapsed time spent in this place.
 B = Non-inter-level travel time spent in this place.
 C = Inter-level travel time spent in this place.
 D = Time resting spent in this place.
 E = Time spent auto-exploring this place.
 F = Levels seen in this place.
 G = Mean time per level.
                   A        B        C        D        E       F      G
               +--------+--------+--------+--------+--------+-----+--------+
         Total |   8593 |   8378 |    215 |    764 |   6115 |   8 | 1074.1 |
       Dungeon |   7711 |   7496 |    215 |    752 |   5398 |   7 | 1101.6 |
         Sewer |    882 |    882 |      0 |     12 |    716 |   1 |  882.0 |
               +--------+--------+--------+--------+--------+-----+--------+

Top non-repeatable levels by time:
     D:1: 1555 daAuts
     D:4: 1485 daAuts
     D:6: 1457 daAuts
     D:3: 1396 daAuts
     D:2: 1035 daAuts
   Sewer: 882 daAuts
     D:7: 726 daAuts
     D:5: 55 daAuts
